 Dungeon Crawl Stone Soup version 0.32-a0-22-g6ae6769602 (webtiles) character file.

Game seed: 12622141225365903941

86 mightbedylan the Conjurer (level 4, 23/24 HPs)
             Began as a Deep Elf Conjurer on Jan 18, 2024.
             Quit the game on level 2 of the Dungeon.
             The game lasted 00:12:53 (1585 turns).

mightbedylan the Conjurer (Deep Elf Conjurer)       Turns: 1585, Time: 00:12:54

Health: 23/24      AC:  3    Str:  4    XL:     4   Next: 26%
Magic:  12/12      EV: 13    Int: 25    God:
Gold:   65         SH:  0    Dex: 13    Spells: 7/11 levels left

rFire   + . .        l - +8 hammer of Ytixty Ujia {freeze, rC+ Will++}
rCold   + . .        (no shield)
rNeg    . . .        k - +1 robe {rF+}
rPois   .            (no helmet)
rElec   .            (no cloak)
rCorr   .            (no gloves)
SInv    .            (no boots)
Will    ++...        (no amulet)
Stlth   ++           (no ring)
HPRegen 0.24/turn    (no ring)
MPRegen 0.13/turn

%: no passive effects
@: no status effects
A: no striking features
a: no special abilities


You were on level 2 of the Dungeon.
You visited 1 branch of the dungeon, and saw 2 of its levels.

You collected 65 gold pieces.

Inventory:

Hand Weapons
 d - a +2 quarterstaff of chaos
 e - a +1 dagger
 l - the +8 hammer of Ytixty Ujia (weapon) {freeze, rC+ Will++}
   (You found it on level 2 of the Dungeon)

   rC+:       It protects you from cold.
   Will++:    It greatly increases your willpower.
Armour
 a - a +0 robe
 j - a +0 cloak
 k - a +1 robe of fire resistance (worn)
Scrolls
 c - a scroll of vulnerability
 i - a scroll of teleportation
Potions
 b - a potion of magic
 f - a potion of lignification
 g - a potion of invisibility
 h - a potion of mutation


   Skills:
 + Level 0.2 Fighting
 + Level 0.5 Short Blades
 + Level 3.2 Dodging
 + Level 3.3 Stealth
 * Level 4.0 Spellcasting
 * Level 4.9 Conjurations
 + Level 0.7 Hexes


You had 7 spell levels left.
You knew the following spells:

 Your Spells              Type           Power      Damage    Failure   Level
a - Magic Dart            Conj           100%       1d8       1%          1
b - Freeze                Ice            20%        1d4       9%          1
c - Searing Ray           Conj           58%        2d6       1%          2

Your spell library contained the following spells:

 Spells                   Type           Power      Damage    Failure   Level
 Hailstorm                Conj/Ice       17%        3d6       10%         3
 Frozen Ramparts          Ice            10%        1d2       26%         3
 Ozocubu's Armour         Ice            5%         N/A       26%         3
 Fulminant Prism          Conj/Alch      8%         3d6       32%         4
 Iskenderun's Mystic Bla  Conj/Tloc      17%        2d5       32%         4
 Metabolic Englaciation   Hex/Ice        3%         N/A       91%         5
 Sculpt Simulacrum        Ice/Alch       2%         N/A       100%        6


Dungeon Overview and Level Annotations

Branches:
Dungeon (2/15)

Altars:

Shops:
D:2 [


Message History

Confirm with . or Enter, or press ? or * to list all spells.
Aiming: Magic Dart (safe; 1% risk of failure)
Press: ? - help, Shift-Dir - straight line, f/p - Crazy Yiuf
Aim: Crazy Yiuf, wielding a +2 quarterstaff of chaos and wearing a +0 cloak (moderately wounded, 100% to hit)
The magic dart hits Crazy Yiuf!
Crazy Yiuf is severely wounded.
Crazy Yiuf hits you with a +2 quarterstaff of chaos!
Casting: Magic Dart (safe; 1% risk of failure)
Confirm with . or Enter, or press ? or * to list all spells.
Aiming: Magic Dart (safe; 1% risk of failure)
Press: ? - help, Shift-Dir - straight line, f/p - Crazy Yiuf
Aim: Crazy Yiuf, wielding a +2 quarterstaff of chaos and wearing a +0 cloak (severely wounded, 100% to hit)
The magic dart hits Crazy Yiuf!
You kill Crazy Yiuf!
Your Spellcasting skill increases to level 4!
You have reached level 4!
You feel clever.
You start resting.
Magic restored.
Things that are here:
a +2 quarterstaff of chaos; a +0 cloak
d - a +2 quarterstaff of chaos;
j - a +0 cloak You see here the +8 hammer of Ytixty Ujia {freeze, rC+ Will++}.
l - the +8 hammer of Ytixty Ujia {freeze, rC+ Will++}
Okay, then.
The +8 hammer of Ytixty Ujia {freeze, rC+ Will++} glows with a cold blue light!
l - the +8 hammer of Ytixty Ujia (weapon)
{freeze, rC+ Will++}
Okay, then.
What are your orders? t - Shout!
Orders for allies: a - Attack new target. r - Retreat! s - Stop attacking. g - Guard the area. f - Follow me.
Anything else - Cancel.
Retreat in which direction?
Press: ? - help, Dir - move target, f - you
Okay, then.
Okay, then.
Okay, then.
Are you sure you want to abandon this character and quit the game? (Confirm with "yes".)

.†..........'..................>#
........#...#...............###.#
...#################........# #.#
##..# #........# #.# ..#########
#........# #.# ..###...#.########
#........# #.# ....)....#..##...#
#........# #.# ......).####.'...#
########## #.# ...)#..## ###..@#
#......# #.# ....#### #####
#..<...# #.# ....# #......# #.#
....# #......# #.#
....############ ###......### #.#
......#.##.....###...#......# #.#
......#.##...........#.##.#.###.#
........##.....####..#....#...#.#
......####.....+.....#.##.....#.#


There were no monsters in sight!

Vanquished Creatures
  Crazy Yiuf (D:2)
  3 adders (D:2)
  A dart slug (D:1)
  4 ball pythons
  4 bats
  3 endoplasms (D:1)
  A goblin (D:2)
  3 hobgoblins
  2 quokkas (D:2)
  A frilled lizard (D:1)
  2 kobolds
  4 rats (D:2)
29 creatures vanquished.

Notes
Turn   | Place    | Note
-------+----------+-------------------------------------------
     0 | D:1      | mightbedylan the Deep Elf Conjurer began the quest for the
                  | Orb.
     0 | D:1      | Reached XP level 1. HP: 10/10 MP: 6/6
   355 | D:1      | Reached XP level 2. HP: 15/15 MP: 6/8
   924 | D:2      | Reached XP level 3. HP: 13/19 MP: 5/10
  1118 | D:2      | Identified the +0 hand axe "Civ Tyx" {venom, rElec MP+9
                  | Str-3 Dex+4}
  1145 | D:2      | Learned a level 1 spell: Freeze
  1148 | D:2      | Learned a level 2 spell: Searing Ray
  1165 | D:2      | Found Poehet's Antique Armour Shop.
  1521 | D:2      | Found a runed translucent door.
  1522 | D:2      | Noticed Crazy Yiuf
  1537 | D:2      | Killed Crazy Yiuf
  1538 | D:2      | Reached XP level 4. HP: 12/24 MP: 6/12
  1582 | D:2      | Identified the +8 hammer of Ytixty Ujia {freeze, rC+
                  | Will++}
  1585 | D:2      | Quit the game

Illustrated notes

Levels and vault maps discovered:
D:1:      heliophobic_arrival_ceremonial_halls, layout_loops_ring
D:2:      layout_basic, serial_shops, nicolae_shop_tiny_statue_garden,
          uniq_crazy_yiuf_cottage

Skill      XL: |  1  2  3 |
---------------+----------+-----
Stealth        | 3 |  3.3
Dodging        | 3 |  3.2
Spellcasting   | 4 |  4.0
Fighting       | |  0.2
Short Blades   | |  0.5
Conjurations   | |  4.9
Hexes          | |  0.7

Action                     |  1- 3 |  4- 6 || total
---------------------------+-------+-------++-------
  Melee: Dagger            |    25 |       ||    25
   Cast: Magic Dart        |    55 |       ||    55
         Freeze            |     2 |       ||     2
    Use: Scroll            |     7 |       ||     7
         Potion            |     2 |       ||     2
 Armour: Robe              |    18 |       ||    18
  Dodge: Dodged            |    13 |       ||    13

Table legend: (Time is in decaauts)
 A = Elapsed time spent in this place.
 B = Non-inter-level travel time spent in this place.
 C = Inter-level travel time spent in this place.
 D = Time resting spent in this place.
 E = Time spent auto-exploring this place.
 F = Levels seen in this place.
 G = Mean time per level.
                   A        B        C        D        E       F      G
               +--------+--------+--------+--------+--------+-----+--------+
         Total |   1583 |   1563 |     20 |     42 |   1278 |   2 |  791.5 |
       Dungeon |   1583 |   1563 |     20 |     42 |   1278 |   2 |  791.5 |
               +--------+--------+--------+--------+--------+-----+--------+

Top non-repeatable levels by time:
     D:1: 883 daAuts
     D:2: 700 daAuts
